 Dungeon Crawl Stone Soup version 0.29.0-4-gdea44cf6ec (webtiles) character file.

Game seed: 649567250229114029

22 qw the Sneak (level 2, -1/19 HPs)
             Began as a Gargoyle Delver on Sept 10, 2022.
             Slain by a worm (7 damage)
             ... on level 3 of the Dungeon.
             The game lasted 00:00:12 (439 turns).

qw the Sneak (Gargoyle Delver)                       Turns: 439, Time: 00:00:13

Health: -1/19      AC:  5    Str: 15    XL:     2   Next: 91%
Magic:  2/2        EV: 11    Int: 10    God:
Gold:   10         SH:  0    Dex: 11    Spells: 1/1 levels left

rFire   . . .      SeeInvis .   Y - +0 hand axe
rCold   . . .      Faith    .   (no shield)
rNeg    + . .      Spirit   .   b - +0 leather armour
rPois   inf        Reflect  .   (no helmet)
rElec   +          Harm     .   (no cloak)
rCorr   .          Rampage  .   (no gloves)
Will    .....                   (no boots)
Stlth   +++.......              (no amulet)
HPRegen 0.06/turn               (no ring)
MPRegen 0.08/turn               (no ring)

@: no status effects
A: sickness immunity, AC +2, negative energy resistance 1, electricity
resistance, torment resistance 1, petrification resistance
a: no special abilities


You were on level 3 of the Dungeon.
You visited 1 branch of the dungeon, and saw 3 of its levels.

You collected 10 gold pieces.


Innate Abilities, Weirdness & Mutations

You are immune to sickness and miasma.
Your stone body is resilient. (AC +2)
You are immune to poison.
You resist negative energy. (rN+)
You are resistant to electric shocks. (rElec)
You are resistant to unholy torment.
You are immune to petrification.


   Skills:
 - Level 3.2 Fighting
 + Level 3.0 Axes
 - Level 1.5 Dodging
 - Level 5.4 Stealth


You had one spell level left.
You didn't know any spells.
Your spell library was empty.

Inventory:

Hand Weapons
 Y - a +0 hand axe (weapon)
Armour
 b - a +0 leather armour (worn)
Wands
 g - a wand of digging (3)
Potions
 c - a potion of magic {unknown}
 d - a potion of flight {unknown}
 f - a potion of haste

Dungeon Overview and Level Annotations

Branches:
Dungeon (5/15)
 Temple: D:4-7

Altars:


Message History

You see here an adder corpse.
A howler monkey comes into view.
Found a scroll labelled QOAGRI OTSUN and 9 gold pieces.
420 ||| FLEEEEING.
An iguana comes into view.
There is a stone staircase leading up here.
421 ||| STAIRDANCE You climb upwards.
There is a stone staircase leading down here.
Existing waypoints: (1) D:4 (2) D:5 Assign waypoint to what number? (0-9, D - delete waypoint) Waypoint 2 re-assigned from D:5 to D:3.
Enter note: You barely miss the worm.
You hit the worm but do no damage. The worm closely misses you.
You hit the worm.
The worm is lightly wounded.
The worm barely misses you.
You hit the worm.
The worm is lightly wounded.
You barely miss the worm.
The worm is lightly wounded.
The worm bites you but does no damage.
You hit the worm.
The worm is moderately wounded.
The worm closely misses you.
You hit the worm.
The worm is moderately wounded.
The worm bites you.
You hit the worm.
The worm is severely wounded.
You hit the worm. You punch the worm.
The worm is almost dead.
The worm bites you.
You barely miss the worm.
The worm is almost dead.
The worm bites you!
You die...

...... ......
......####+####
...............
...............
...............
...............
......w@.......
######.........
#.........
#.........
#.........
#.........
#.........
#.........


You could see a worm.

Vanquished Creatures
  2 adders (D:4)
  A giant cockroach (D:4)
  A hobgoblin (D:4)
  A kobold (D:4)
5 creatures vanquished.

Notes
Turn   | Place    | Note
-------+----------+-------------------------------------------
     0 | D:5      | qw the Gargoyle Delver began the quest for the Orb.
     0 | D:5      | Reached XP level 1. HP: 14/14 MP: 1/1
     0 | D:5      | 0 ||| qw: Version: 0.1-a-116-g5d60599
     0 | D:5      | 0 ||| qw: Game counter: 9062
     0 | D:5      | 0 ||| qw: Always use a shield: true
     0 | D:5      | 0 ||| qw: God list: Okawaru
     0 | D:5      | 0 ||| qw: Allow faded altars: false
     0 | D:5      | 0 ||| qw: Do Orc after D:15 true
     0 | D:5      | 0 ||| qw: Do second Lair branch before Depths: true
     0 | D:5      | 0 ||| qw: Lair rune preference: random
     0 | D:5      | 0 ||| qw: Plans: Normal
     0 | D:5      | 0 ||| PLANNING D:1-11
     0 | D:5      | 0 ||| DROPPING scroll of fog.
     1 | D:5      | 1 ||| DROPPING scroll of magic mapping.
     2 | D:5      | 2 ||| DROPPING scroll of fear.
    27 | D:4      | Reached XP level 2. HP: 5/19 MP: 2/2
   272 | D:4      | 272 ||| Stepping ~*~*~tactically~*~*~ (stealth).
   342 | D:4      | 342 ||| READING scroll labelled DUXIZXYGIU.
   351 | D:4      | 351 ||| FLEEEEING.
   352 | D:4      | 352 ||| FLEEEEING.
   357 | D:4      | 357 ||| Stepping ~*~*~tactically~*~*~ (stealth).
   371 | D:4      | Reached skill level 3 in Axes
   378 | D:4      | 378 ||| Stepping ~*~*~tactically~*~*~ (stealth).
   380 | D:4      | 380 ||| Stepping ~*~*~tactically~*~*~ (stealth).
   382 | D:4      | 382 ||| Stepping ~*~*~tactically~*~*~ (stealth).
   415 | D:4      | 415 ||| FLEEEEING.
   416 | D:4      | 416 ||| FLEEEEING.
   419 | D:4      | Noticed a howler monkey
   420 | D:4      | 420 ||| FLEEEEING.
   421 | D:4      | 421 ||| STAIRDANCE
   439 | D:3      | Slain by a worm

Levels and vault maps discovered:
D:3:      layout_basic, nrook_campfire, uniq_sigmund, uniq_ijyb
D:4:      cheibrodos_pilgrimage, layout_rooms, palyth_temple_overflow_mages,
          okawaru_gym_becter, mainiacjoe_overflow_catwalk, uniq_grinder,
          uniq_blork_the_orc
D:5:      layout_loops_ring, mainiacjoe_overflow_boulevard, led_xom_imps,
          minmay_temple_entry_statues_pillars, serial_glass, glass_columns_a,
          glass_columns_b, gammafunk_ghost_cemetery, serial_shops,
          nicolae_shop_crystal

Skill      XL: |  1  2 |
---------------+-------+-----
Axes           | 2 3 |  3.0
Fighting       | |  3.2
Dodging        | |  1.5
Stealth        | |  5.4

Action                   || total
-------------------------++-------
Melee: Hand axe          ||    49
       Punch             ||     1
  Use: Scroll            ||     1
Armor: Leather armour    ||    18
Dodge: Dodged            ||    28

Table legend:
 A = Non-vault XP
 B = Vault XP
 C = Vault XP percentage of total XP
 D = Non-vault monster count
 E = Vault monster count
 F = Vault count percentage of total count
                 A         B        C        D         E       F
            +---------+---------+-------+---------+---------+-------
      Total |      32 |       0 |   0.0 |       5 |       0 |   0.0
            +---------+---------+-------+---------+---------+-------
        D:4 |      32 |       0 |   0.0 |       5 |       0 |   0.0
            +---------+---------+-------+---------+---------+-------
